Map: 16-Bit LE

Players

Blake

  • Race: Protoss Protoss
  • Spawn Location: 1:00

A.I. 1 (Harder) - Winner!

  • Race: Zerg Zerg
  • Spawn Location: 7:00

VOD

Have the link to the VOD?

Description

Time

  • Played on: April 17, 2020, 12:06 a.m.
  • Length: 4:34
Show
View Real Time Build Order
Export as new Build Order

Blake Protoss 

Build Orders: Phoenix Opening 

Get SALT Encoding   

  12  0:00  Probe  
  13  0:13  Probe  
  14  0:18  Pylon  
  14  0:25  Probe  
  15  0:36  Gateway  
  15  0:39  Probe (Chrono Boost)  
  16  0:48  Assimilator, Probe (Chrono Boost)  
  17  0:56  Probe  
  17  1:00  Assimilator  
  18  1:08  Probe  
  19  1:20  Probe  
  19  1:24  Cybernetics Core  
  20  1:29  Pylon  
  20  1:32  Probe  
  21  1:44  Probe  
  22  1:56  Probe  
  22  2:00  Stargate  
  22  2:01  Warp Gate, Adept  
  25  2:24  Nexus  
  25  2:27  Probe  
  26  2:39  Probe  
  26  2:42  Phoenix (Chrono Boost)  
  29  2:50  Pylon  
  29  2:58  Phoenix (Chrono Boost)  
  31  3:08  Probe  
  32  3:15  Assimilator  
  32  3:17  Phoenix (Chrono Boost)  
  34  3:23  Probe  
  35  3:35  Probe, Phoenix (Chrono Boost)  
  35  3:39  Probe  
  39  3:48  Probe, Stargate  
  40  3:55  Phoenix (Chrono Boost)  
  42  3:57  Probe  
  43  4:05  Probe  
  44  4:10  Pylon  
  44  4:19  Probe x2  
Show
View Real Time Build Order
Export as new Build Order

A.I. 1 (Harder) Zerg - Winner!

Build Orders: Hatch First 

Get SALT Encoding   

  12  0:00  Drone  
  13  0:12  Overlord  
  13  0:17  Drone  
  14  0:30  Drone x2  
  14  0:34  Drone  
  17  0:56  Hatchery  
  16  0:58  Drone  
  17  1:13  Spawning Pool  
  17  1:15  Drone  
  17  1:18  Drone  
  17  1:21  Extractor  
  17  1:23  Drone  
  18  1:31  Overlord  
  18  1:38  Drone  
  19  2:00  Zergling x4  
  21  2:01  Queen  
  21  2:04  Roach Warren  
  21  2:08  Drone  
  23  2:09  Extractor  
  23  2:12  Drone  
  23  2:20  Zergling x2  
  24  2:24  Drone  
  25  2:35  Lair  
  25  2:50  Zergling x2  
  26  2:56  Extractor  
  26  2:57  Drone  
  26  3:06  Extractor  
  26  3:07  Drone  
  26  3:19  Roach, Overlord  
  28  3:30  Roach  
  30  3:34  Infestation Pit  
  30  3:35  Drone  
  30  3:39  Drone  
  30  3:41  Roach  
  33  3:46  Overlord  
  33  3:50  Drone  
  33  3:53  Hydralisk Den  
  33  3:56  Drone  
  33  3:58  Drone  
  33  4:02  Drone  
  36  4:05  Drone  
  36  4:09  Drone  
  36  4:20  Drone  
Tags
 
Add a new tag
Caveats
  • Supply blocks, unpowered buildings, or Contaminate may cause inaccurate times.
  • Supply counts are checked every 10 seconds.